 Dungeon Crawl Stone Soup version 0.27.1-33-g824d729ab1 (webtiles) character file.

Game seed: 13467089603524659758

161 SlutHorse69 the Skirmisher (level 5, -2/50 HPs)
             Began as a Hill Orc Fighter on Dec 15, 2021.
             Killed by nerve-wracking pain
             ... invoked by Grinder
              (4 damage)
             ... on level 3 of the Dungeon.
             The game lasted 00:07:08 (2834 turns).

SlutHorse69 the Skirmisher (Hill Orc Fighter)       Turns: 2834, Time: 00:07:09

Health: -2/50      AC:  6    Str: 19      XL:     5   Next: 42%
Magic:  5/5        EV:  7    Int:  8      God:
Gold:   97         SH:  9    Dex: 10 (11) Spells: 4/4 levels left

rFire    . . .     SeeInvis .   a - +1 war axe
rCold    . . .     Faith    .   c - +0 kite shield
rNeg     . . .     Spirit   .   b - +0 scale mail
rPois    .         Reflect  .   (no helmet)
rElec    .         Harm     .   (no cloak)
rCorr    .         Rampage  .   (no gloves)
Will     .....                  (no boots)
Stlth    ..........             f - amulet of the acrobat
HPRegen  0.16/turn              (no ring)
MPRegen  0.09/turn              (no ring)

@: no status effects
A: no striking features
a: no special abilities


You were on level 3 of the Dungeon.
You visited 1 branch of the dungeon, and saw 3 of its levels.

You collected 97 gold pieces.

Inventory:

Hand Weapons
 a - a +1 war axe (weapon)
Missiles
 e - 5 boomerangs (quivered)
 h - 3 datura-tipped darts
 i - 82 arrows
 l - 14 poisoned darts
Armour
 b - a +0 scale mail (worn)
 c - a +0 kite shield (worn)
Magical Staves
 k - a staff of poison
Jewellery
 f - an amulet of the acrobat (around neck)
Scrolls
 j - a scroll of identify


   Skills:
 + Level 6.1 Fighting
 - Level 2.6 Axes
 + Level 0.1 Throwing
 - Level 3.2 Armour
 + Level 1.7 Dodging
 + Level 1.2 Stealth
 - Level 3.2 Shields


You had 4 spell levels left.
You didn't know any spells.
Your spell library was empty.

Dungeon Overview and Level Annotations

Branches:
Dungeon (3/15)

Altars:

Shops:
D:1 *

Annotations:
D:3 Grinder


Message History

Grinder gestures at you.
You barely resist. You hit Grinder but do no damage.
Grinder is moderately wounded.
You closely miss the adder. You block the adder's attack. The adder bites you.
* * * LOW HITPOINT WARNING * * *
You are poisoned.
The adder poisons you! You block Grinder's attack.
You slash Grinder!
Grinder is heavily wounded.
You hit the goblin. You hit the adder.
You feel sick. The adder closely misses you.
Grinder hits you but does no damage. The goblin hits you but does no damage.
The adder bites you.
* * * LOW HITPOINT WARNING * * *
Grinder hits you.
* * * LOW HITPOINT WARNING * * *
You writhe in agony.
* * * LOW HITPOINT WARNING * * *
You block the goblin's attack.
Unknown command.
Okay, then.
You aren't carrying any potions.
You are too injured to fight recklessly!
You hit Grinder.
Grinder is severely wounded.
You hit the goblin. You miss the adder.
* * * LOW HITPOINT WARNING * * *
You feel sick. The adder bites you but does no damage.
You block the adder's attack.
Grinder blinks!
You block the goblin's attack. The adder bites you but does no damage.
You closely miss the adder.
The adder is lightly wounded.
You slash the adder! You slash the goblin!
You kill the goblin!
You feel sick.
You are no longer poisoned.
You block the adder's attack. Grinder gestures at you.
Pain shoots through your body!
You die...

#.# ####.
#.# #....
#.# #.##.
#######.#
#.##.
##.......##
#.##÷
#.........#
#....
##..♣...♣..#
####.
#..$♣..♣.P.#
#.
#.....S@§..#
#.
#..P..S)♣.5#
##
#...♣♣..♣..#
# .....
......# #
###.
......## # .
.....#.#
...#.##.#..
..#. #.....


You could see Grinder and 2 adders.

Vanquished Creatures
  Natasha (twice) (D:3)
  2 gnolls (D:1)
  5 adders (D:2)
  5 ball pythons
  3 endoplasms
  2 giant cockroaches
  11 hobgoblins
  4 bats
  5 frilled lizards
  5 goblins
  2 kobolds (D:1)
  6 rats
52 creatures vanquished.

Vanquished Creatures (others)
  2 fungi (D:3)
  4 plants (D:3)
6 creatures vanquished.

Grand Total: 58 creatures vanquished

Notes
Turn   | Place    | Note
-------+----------+-------------------------------------------
     0 | D:1      | SlutHorse69 the Hill Orc Fighter began the quest for the
                  | Orb.
     0 | D:1      | Reached XP level 1. HP: 19/19 MP: 1/1
    59 | D:1      | Reached skill level 4 in Fighting
    59 | D:1      | Reached XP level 2. HP: 19/27 MP: 2/2
   418 | D:1      | Found Kojasu's Assorted Antiques.
   533 | D:1      | Reached XP level 3. HP: 31/34 MP: 3/3
   920 | D:1      | Reached skill level 5 in Fighting
  1502 | D:2      | Reached XP level 4. HP: 35/42 MP: 4/4
  2030 | D:2      | Reached skill level 1 in Dodging
  2537 | D:3      | Noticed Natasha
  2544 | D:3      | Killed Natasha
  2545 | D:3      | Reached skill level 6 in Fighting
  2545 | D:3      | Reached skill level 1 in Stealth
  2545 | D:3      | Reached XP level 5. HP: 46/50 MP: 5/5
  2569 | D:3      | Noticed Natasha
  2584 | D:3      | Killed Natasha
  2814 | D:3      | Found a faded altar of an unknown god.
  2822 | D:3      | Noticed Grinder
  2833 | D:3      | HP: 2/50 [poisoned by an adder]
  2834 | D:3      | Killed from afar by Grinder

Illustrated notes

Levels and vault maps discovered:
D:1:      matt_arrival_diagonals, layout_basic, serial_shops,
          nicolae_diamond_shop
D:2:      layout_basic, minivault_11
D:3:      layout_loops_cross, dreamdust_ecumenical_altar_grove, uniq_grinder,
          uniq_natasha

Skill      XL: |  1  2  3  4 |
---------------+-------------+-----
Fighting       | 4 5 6 |  6.1
Dodging        | 1 |  1.7
Stealth        | 1 |  1.2
Axes           | |  2.6
Throwing       | |  0.1
Armour         | |  3.2
Shields        | |  3.2

Action                   |  1- 3 |  4- 6 || total
-------------------------+-------+-------++-------
Melee: War axe           |   111 |    77 ||   188
Throw: Boomerang         |       |     2 ||     2
  Use: Scroll            |     2 |     1 ||     3
       Potion            |     4 |     4 ||     8
Armor: Scale mail        |    50 |    54 ||   104
Dodge: Dodged            |    61 |    41 ||   102
Block: Kite shield       |    55 |    61 ||   116
